 Dungeon Crawl Stone Soup version 0.23-a0-730-g0b75920 (webtiles) character file.

9075 robertstho the Cleaver (level 11, 0/84 HPs)
             Began as a Formicid Fighter on Jan 17, 2019.
             Was a High Priest of the Shining One.
             Slain by Sonja
             ... wielding a +0 dagger of distortion
              (23 damage)
             ... on level 10 of the Dungeon.
             The game lasted 00:18:23 (8851 turns).

robertstho the Cleaver (Formicid Fighter)           Turns: 8851, Time: 00:18:24

Health: 0/84       AC: 18    Str: 29    XL:     11   Next: 67%
Magic:  17/17      EV: 14    Int:  8    God:    the Shining One [*****.]
Gold:   587        SH: 13    Dex: 19    Spells: 10/10 levels left

rFire    . . .     SeeInvis +   K - +0 war axe (flame)
rCold    + . .     Gourm    .   c - +0 shield
rNeg     + + .     Faith    .   Q - +0 plate armour
rPois    .         Spirit   .   (helmet unavailable)
rElec    .         Reflect  .   (no cloak)
rCorr    .         Harm     .   g - +0 pair of gloves
MR       +....                  A - +2 pair of boots {Fly}
Stlth    ..........             (no amulet)
HPRegen  0.24/turn              D - +4 ring of dexterity
MPRegen  0.15/turn              s - ring of protection from cold

@: mighty, agile, flying, glowing
A: permanent stasis, dig shafts and tunnels, four strong arms, antennae 3
a: Dig, Shaft Self, Divine Shield, Cleansing Flame, Summon Divine Warrior,
Renounce Religion, Stop Flying


You were on level 10 of the Dungeon.
You worshipped the Shining One.
The Shining One was extremely pleased with you.
You were very hungry.

You visited 1 branch of the dungeon, and saw 10 of its levels.
You also visited: Ossuary.

You collected 587 gold pieces.

Inventory:

Hand Weapons
 a - a +0 war axe
 h - a +1 spear of venom
 y - a +0 hand axe of venom
 z - a +0 trident of protection
 K - a +0 war axe of flaming (weapon)
 O - a +4 scimitar of flaming
Missiles
 B - 3 silver tomahawks (quivered)
 H - 2 steel tomahawks
Armour
 c - a +0 shield (worn)
 g - a +0 pair of gloves (worn)
 A - a +2 pair of boots of flying (worn)
 Q - a +0 plate armour (worn)
Jewellery
 s - a ring of protection from cold (right hand)
 D - a +4 ring of dexterity (left hand)
 G - an uncursed ring of ice
Wands
 x - a wand of disintegration (28)
 I - a wand of acid (12)
 M - a wand of iceblast (5)
Scrolls
 b - a scroll of torment {unknown}
 e - 5 scrolls of remove curse
 i - a scroll of random uselessness {unknown}
 n - a scroll of noise {unknown}
 p - 3 scrolls of enchant armour {unknown}
 q - 7 scrolls of teleportation {unknown}
 r - 4 scrolls of enchant weapon {unknown}
 t - 5 scrolls of blinking {unknown}
 u - 2 scrolls of immolation {unknown}
 v - a scroll of identify
 C - a scroll of fear {unknown}
 F - 4 scrolls of amnesia {unknown}
 J - a scroll of silence {unknown}
 P - a scroll of fog {unknown}
Potions
 d - a potion of might
 j - 2 potions of ambrosia
 k - 2 potions of heal wounds
 l - a potion of resistance
 o - a potion of magic
 w - a potion of lignification
 E - 3 potions of curing
 L - 3 potions of agility
Miscellaneous
 m - a lamp of fire
Comestibles
 f - 14 rations


   Skills:
 + Level 7.1 Fighting
 + Level 10.4(10.7) Axes
 + Level 3.3(7.5) Polearms
 + Level 7.4 Armour
 + Level 2.7 Dodging
 + Level 0.4 Stealth
 + Level 9.6 Shields
 * Level 8.6 Invocations


You had 10 spell levels left.
You didn't know any spells.
Your spell library was empty.

Dungeon Overview and Level Annotations

Branches:
Dungeon (10/15)            Temple (0/1) D:4            Lair (0/6) D:8
    Orc: D:9-12

Altars:
Ashenzari
Cheibriados
Dithmenos
Elyvilon
Hepliaklqana
Kikubaaqudgha
Ru
Trog
Xom
The Shining One

Annotations:
D:10 Sonja


Innate Abilities, Weirdness & Mutations

You cannot be hasted, slowed, berserked, paralysed or teleported.
You can dig through walls and to a lower floor.
Your four strong arms can wield two-handed weapons with a shield.
You have a pair of large antennae on your head. (SInv)


Message History

Sonja hits you but does no damage. Space bends around you.
Sonja hits you but does no damage.
You feel a strange sense of stasis.
You closely miss Sonja.
You feel sick. Sonja hits you but does no damage. Space bends around you.
Sonja hits you but does no damage.
You feel a strange sense of stasis. Sonja closely misses you.
You feel agile all of a sudden. Sonja barely misses you.
Sonja hits you but does no damage.
You feel a strange sense of stasis. Sonja hits you but does no damage.
Space warps horribly around you!
* * * LOW HITPOINT WARNING * * *
You feel better. Sonja hits you but does no damage. Space bends around you.
* * * LOW HITPOINT WARNING * * *
You block Sonja's attack. x2; Sonja hits you but does no damage.
You feel a strange sense of stasis. Sonja barely misses you.
Sonja closely misses you.
You feel very mighty all of a sudden.
Sonja plants her feet in a plie.
You block Sonja's attack. Sonja hits you but does no damage. x2
Space warps horribly around you!
You die...

#..... .......#.....
......#.....
.....#.....
....#.....
######+#####..####..#
#..........#.>####..#
#..........#.....#..#
#..K@..(..(((.(..#..#
#.......(..#...<.#..#
#..........#.....#..#
#..........#..#######
############).#######
#...........
#...........
##+####..###
#....##..###


You could see Sonja.

Vanquished Creatures
  Harold (D:10)
  Erica (D:8)
  Urug (D:10)
  A centaur zombie (D:10)
  Joseph (D:8)
  2 hippogriffs (D:10)
  3 hogs (D:7)
  A human (D:7)
  4 yaks
  A steam dragon (D:9)
  The ghost of handsome the Sneak, an amateur OpWn of Okawaru (D:4)
  Menkaure (D:4)
  2 water moccasins
  3 orc warriors
  2 sky beasts (D:8)
  4 ice beasts
  An eye of draining (D:3)
  3 phantoms
  4 ogres
  3 centaurs
  A big kobold (D:8)
  4 bullfrogs
  A wyvern skeleton (D:7)
  3 jellies
  A howler monkey (D:2)
  5 wights (D:8)
  A crimson imp (D:4)
  2 hounds
  A bullfrog zombie (D:5)
  2 quasits
  3 orc priests
  9 orc wizards
  2 bullfrog skeletons
  A centaur skeleton (D:7)
  4 iguanas
  8 worker ants
  2 killer bee zombies
  3 hound skeletons
  13 mummies (Ossuary)
  A worker ant zombie (D:9)
  Robin (D:4)
  14 gnolls
  5 adders
  2 shadow imps
  2 adder zombies
  2 adder skeletons
  2 worms
  7 dart slugs
  6 leopard geckos
  30 orcs
  2 ball pythons
  6 giant cockroaches
  13 goblins
  16 hobgoblins
  6 jackals
  3 quokkas
  5 bats
  A frilled lizard (D:3)
  2 gnoll skeletons (Ossuary)
  A goblin skeleton (Ossuary)
  10 kobolds
  2 kobold skeletons (Ossuary)
  3 orc skeletons (Ossuary)
  A quokka zombie (D:9)
  12 rats
  11 rat skeletons (Ossuary)
272 creatures vanquished.

Vanquished Creatures (collateral kills)
  A two-headed ogre (D:10)
1 creature vanquished.

Vanquished Creatures (others)
  A quokka (D:9)
1 creature vanquished.

Grand Total: 274 creatures vanquished

Notes
Turn   | Place    | Note
-------+----------+-------------------------------------------
     0 | D:1      | robertstho the Formicid Fighter began the quest for the
                  | Orb.
     0 | D:1      | Reached XP level 1. HP: 18/18 MP: 1/1
   176 | D:1      | Reached XP level 2. HP: 23/24 MP: 2/2
   380 | D:1      | Reached XP level 3. HP: 26/29 MP: 3/3
  1010 | D:2      | Reached skill level 1 in Polearms
  1010 | D:2      | Reached XP level 4. HP: 26/37 MP: 4/4
  1079 | D:2      | Reached XP level 5. HP: 33/42 MP: 5/5
  1680 | D:3      | Found a glowing golden altar of the Shining One.
  1814 | D:3      | Became a worshipper of the Shining One
  2087 | D:3      | Reached skill level 1 in Invocations
  2087 | D:3      | Reached XP level 6. HP: 32/48 MP: 6/6
  2238 | D:3      | Found a bloodstained altar of Trog.
  2239 | D:3      | Noticed an eye of draining
  2249 | D:3      | Killed an eye of draining
  2249 | D:3      | Reached skill level 1 in Dodging
  2366 | D:4      | Noticed a phantom
  2639 | D:4      | Killed a phantom
  2639 | D:4      | Reached skill level 5 in Shields
  2639 | D:4      | Reached XP level 7. HP: 53/54 MP: 8/8
  2736 | D:4      | Found a sand-covered staircase.
  2743 | Ossuary  | Entered an ossuary
  2806 | Ossuary  | Reached * piety under the Shining One
  2952 | Ossuary  | Reached ** piety under the Shining One
  2989 | Ossuary  | Reached skill level 3 in Axes
  3459 | Ossuary  | Reached *** piety under the Shining One
  3665 | D:4      | Noticed Robin
  3842 | D:4      | Reached XP level 8. HP: 54/61 MP: 10/10
  3852 | D:4      | Reached skill level 4 in Axes
  3866 | D:4      | Killed Robin
  3913 | D:4      | Noticed Menkaure
  3927 | D:4      | Killed Menkaure
  3927 | D:4      | Reached skill level 5 in Armour
  3955 | D:4      | Found a runed door.
  3956 | D:4      | Noticed handsome's ghost (amateur OpWn)
  3983 | D:4      | Killed handsome's ghost
  3996 | D:4      | Found a runed door.
  4061 | D:4      | Found a staircase to the Ecumenical Temple.
  4356 | D:5      | Entered Level 5 of the Dungeon
  4376 | D:5      | Reached skill level 5 in Axes
  4552 | D:5      | Reached XP level 9. HP: 59/67 MP: 12/12
  4678 | D:5      | Reached skill level 5 in Fighting
  4678 | D:5      | Reached skill level 5 in Invocations
  4685 | D:5      | Found an ancient bone altar of Kikubaaqudgha.
  4699 | D:5      | Found a shattered altar of Ashenzari.
  4702 | D:5      | Found a shimmering altar of Xom.
  4931 | D:5      | Reached skill level 6 in Axes
  5384 | D:6      | Found a snail-covered altar of Cheibriados.
  5479 | D:7      | Reached **** piety under the Shining One
  5941 | D:7      | Reached skill level 7 in Axes
  5943 | D:7      | Reached XP level 10. HP: 65/76 MP: 14/14
  6292 | D:8      | Noticed Joseph
  6318 | D:8      | Killed Joseph
  6318 | D:8      | Reached skill level 8 in Axes
  6529 | D:8      | Found a staircase to the Lair.
  6623 | D:8      | Noticed Erica
  6639 | D:8      | Killed Erica
  6910 | D:8      | Reached skill level 9 in Axes
  7209 | D:9      | Found a shadowy altar of Dithmenos.
  7209 | D:9      | Found a sacrificial altar of Ru.
  7303 | D:9      | Found a white marble altar of Elyvilon.
  7329 | D:9      | Reached XP level 11. HP: 43/83 MP: 16/16
  7466 | D:9      | Reached ***** piety under the Shining One
  7916 | D:9      | Found a hazy altar of Hepliaklqana.
  8070 | D:10     | Entered Level 10 of the Dungeon
  8260 | D:10     | Reached skill level 10 in Axes
  8291 | D:10     | Noticed Urug
  8307 | D:10     | Killed Urug
  8307 | D:10     | Noticed Harold
  8320 | D:10     | Killed Harold
  8440 | D:10     | Noticed a two-headed ogre
  8448 | D:10     | Killed a two-headed ogre
  8455 | D:10     | Noticed Sonja
  8487 | D:9      | HP: 4/84 [poisoned by Sonja (curare-tipped needle)]
  8495 | D:9      | HP: 4/84 [poisoned by Sonja (curare-tipped needle)]
  8851 | D:10     | Slain by Sonja

Vault maps used:
D:1:      minmay_arrival_stair_chambers
D:2:      minmay_pentomino_pile
D:3:      trog_eyes_of_draining, lemuel_coloured_pillars_altar, first_ration
D:4:      minmay_door_path, temple_hall, ebering_ghost_sewer_f,
          chequers_ossuary_entry_cave, hangedman_abyss_or_decor_stagger,
          eino_curves_04, uniq_menkaure, uniq_robin
D:5:      kennysheep_mini, xom_teletrap_fun, minmay_splitting_lines,
          cheibrodos_ashenzari_chains
D:6:      kennysheep_mini_moat, minmay_holes
D:7:      grunt_livestock
D:8:      lair_entry_dummy, hangedman_decor_points, uniq_joseph, uniq_erica
D:9:      lemuel_doored_altar, elyvilon_altar_4, amethyst_overflow_temple_binary
D:10:     uniq_harold, uniq_sonja, uniq_urug
Ossuary:  ossuary_due_small_catacomb

Skill      XL: |  1  2  3  4  5  6  7  8  9 10 11 |
---------------+----------------------------------+-----
Shields        | 4 5 6 7 8 9 |  9.6
Polearms       | 1 2 3 |  3.3
Armour         | 4 5 6 7 |  7.4
Fighting       | 4 5 6 7 |  7.1
Invocations    | 1 2 3 4 6 7 8 |  8.6
Dodging        | 1 2 |  2.7
Axes           | 3 5 7 9 10 | 10.4
Stealth        | |  0.4

Action                   |  1- 3 |  4- 6 |  7- 9 | 10-12 || total
-------------------------+-------+-------+-------+-------++-------
Melee: War axe           |     5 |       |    98 |   213 ||   316
       Spear             |    91 |   250 |    28 |       ||   369
       Hand axe          |       |       |   361 |    81 ||   442
Invok: Divine Shield     |       |       |       |     1 ||     1
       Cleansing Flame   |       |       |       |     1 ||     1
       Summon Divine War |       |       |       |     1 ||     1
  Use: Scroll            |       |     4 |     1 |     6 ||    11
       Potion            |       |       |     1 |     3 ||     4
  Eat: Chunk             |       |     6 |     8 |     9 ||    23
       Ration            |       |       |     1 |       ||     1
Armor: Scale mail        |    26 |    54 |       |       ||    80
       Chain mail        |       |     5 |   166 |    50 ||   221
       Plate armour      |       |       |       |    72 ||    72
Dodge: Dodged            |    22 |    50 |   112 |    69 ||   253
Block: Shield            |    30 |    81 |   241 |   168 ||   520

Table legend:
 A = Non-vault XP
 B = Vault XP
 C = Vault XP percentage of total XP
 D = Non-vault monster count
 E = Vault monster count
 F = Vault count percentage of total count
                 A         B        C        D         E       F
            +---------+---------+-------+---------+---------+-------
      Total |    7814 |    5151 |  39.7 |     204 |      69 |  25.3
            +---------+---------+-------+---------+---------+-------
        D:1 |      43 |       0 |   0.0 |      24 |       0 |   0.0
        D:2 |      95 |      24 |  20.2 |      20 |       6 |  23.1
        D:3 |     137 |     136 |  49.8 |      19 |       3 |  13.6
        D:4 |     374 |     533 |  58.8 |      17 |      19 |  52.8
        D:5 |     869 |       0 |   0.0 |      29 |       0 |   0.0
        D:6 |     201 |       0 |   0.0 |       6 |       0 |   0.0
        D:7 |    1130 |     987 |  46.6 |      23 |       5 |  17.9
        D:8 |    1093 |    1378 |  55.8 |      25 |       2 |   7.4
        D:9 |    2030 |       0 |   0.0 |      29 |       0 |   0.0
       D:10 |    1842 |    1837 |  49.9 |      12 |       2 |  14.3
    Ossuary |       0 |     256 | 100.0 |       0 |      32 | 100.0
            +---------+---------+-------+---------+---------+-------
